 Dungeon Crawl Stone Soup version 0.25-a0-292-gaa31f046c4 (webtiles) character file.

Game seed: 9479305121374895170, levelgen mode: deterministic

3056 MrRokkomies the Sneak (level 9, -6/68 HPs)
             Began as a Gnoll Wanderer on Dec 15, 2019.
             Was an Elder of Okawaru.
             Mangled by a two-headed ogre
             ... wielding a +0 giant club
              (22 damage)
             ... on level 8 of the Dungeon.
             The game lasted 00:22:11 (7185 turns).

MrRokkomies the Sneak (Gnoll Wanderer)              Turns: 7185, Time: 00:22:11

Health: -6/68      AC: 10    Str: 18    XL:     9   Next: 87%
Magic:  0/15       EV: 13    Int: 12    God:    Okawaru [****..]
Gold:   235        SH:  0    Dex: 23    Spells: 17/17 levels left

rFire    + . .     SeeInvis .   a - +1 great sword (vamp)
rCold    . . .     Gourm    .   (shield currently unavailable)
rNeg     . . .     Faith    .   j - +0 scale mail
rPois    .         Spirit   +   o - +1 helmet
rElec    .         Reflect  .   I - scarf {Spirit}
rCorr    .         Harm     .   (no gloves)
MR       .....                  (no boots)
Stlth    +++.......             M - amulet of regeneration
HPRegen  0.61/turn              G - +6 ring of dexterity
MPRegen  0.14/turn              q - ring of protection from fire

@: no status effects
A: distributed training, fangs 1, strong nose
a: Heroism, Renounce Religion


You were on level 8 of the Dungeon.
You worshipped Okawaru.
Okawaru was greatly pleased with you.
You were not hungry.

You visited 1 branch of the dungeon, and saw 8 of its levels.
You also visited: Sewer.

You collected 235 gold pieces.

Inventory:

Hand Weapons
 a - a +1 vampiric great sword (weapon)
 b - a +2 shortbow of flaming
 A - a +1 scimitar of flaming
Missiles
 g - 232 stones (quivered)
 h - 34 bolts
 t - 27 arrows
 w - 15 sling bullets
 B - 21 poisoned darts
 K - 8 silver javelins
Armour
 d - a +0 robe
 j - a +0 scale mail (worn)
 o - a +1 helmet (worn)
 z - a +0 cloak
 F - a +1 robe of cold resistance
 I - a scarf of spirit shield (worn)
Magical Staves
 r - an uncursed staff of conjuration
Jewellery
 n - an uncursed ring of see invisible
 q - a ring of protection from fire (right hand)
 u - an uncursed ring of flight
 G - a +6 ring of dexterity (left hand)
 M - an amulet of regeneration (around neck)
Wands
 x - a wand of disintegration (19)
 y - a wand of flame (9)
 E - a wand of acid (3)
Scrolls
 e - 5 scrolls of fear
 l - 2 scrolls of enchant armour
 p - a scroll of identify
 v - 2 scrolls of magic mapping
 C - 3 scrolls of fog
 J - 2 scrolls of teleportation
Potions
 c - a potion of lignification
 i - a potion of heal wounds
 k - 7 potions of curing
 m - 4 potions of might
 s - 2 potions of haste
 D - 2 potions of magic {unknown}
 H - a potion of resistance {unknown}
 L - a potion of mutation {unknown}
 N - 2 potions of cancellation {unknown}
Comestibles
 f - 10 rations


   Skills:
 + Level 5.3 Fighting
 + Level 6.5 Short Blades
 + Level 4.5 Long Blades
 + Level 4.5 Axes
 + Level 5.3 Maces & Flails
 + Level 4.5 Polearms
 + Level 4.5 Staves
 + Level 4.5 Slings
 + Level 4.5 Bows
 + Level 4.5 Crossbows
 + Level 5.3 Throwing
 + Level 6.5 Armour
 + Level 4.5 Dodging
 + Level 7.6 Stealth
 + Level 4.5 Shields
 + Level 4.5 Unarmed Combat
 + Level 4.5 Spellcasting
 + Level 3.8 Conjurations
 + Level 3.8 Hexes
 + Level 3.8 Charms
 + Level 3.8 Summonings
 + Level 3.8 Necromancy
 + Level 3.8 Translocations
 + Level 3.8 Transmutations
 + Level 3.8 Fire Magic
 + Level 3.8 Ice Magic
 + Level 3.8 Air Magic
 + Level 3.8 Earth Magic
 + Level 3.8 Poison Magic
 + Level 5.0 Invocations
 + Level 4.5 Evocations


You had 17 spell levels left.
You didn't know any spells.
Your spell library was empty.

Dungeon Overview and Level Annotations

Branches:
Dungeon (8/15)             Temple (0/1) D:6           Sewer (visited)
   Lair: D:8-11

Altars:
Gozag
Kikubaaqudgha
Nemelex Xobeh
Okawaru
Qazlal

Shops:
D:5 }   D:6 (


Innate Abilities, Weirdness & Mutations

Your experience applies equally to all skills.
You have very sharp teeth.
Your uncanny sense of smell can sniff out nearby items.


Message History

Your scale mail prevents you from hitting the jelly.
You bite the jelly.
The jelly is moderately wounded.
You hit the two-headed ogre but do no damage.
You bite the two-headed ogre.
The two-headed ogre is almost dead.
The two-headed ogre hits you with a +0 giant club.
The two-headed ogre hits you with a +0 giant spiked club!
The jelly hits you but does no damage. The jelly hits you.
You are splashed with acid.
* * * LOW HITPOINT WARNING * * *
The two-headed ogre hits you with a +0 giant club.
* * * LOW HITPOINT WARNING * * *
The two-headed ogre barely misses you.
You closely miss the two-headed ogre.
You bite the two-headed ogre, but do no damage.
The two-headed ogre is almost dead.
The jelly closely misses you.
The two-headed ogre hits you with a +0 giant club!!
You die...

#.....%.##...(
#...........(.
#..........(..
#........(....
#........(..
#.......(.
#.....JO#
#.....@.#
#.......#
#.......#
#...=...#
#.>.....#
#...##..######
#...##........
#....#........
#....#<.....#


You could see a two-headed ogre and a jelly.

Vanquished Creatures
  Erica (D:8)
  A spriggan (D:7)
  An ice beast (D:6)
  2 sky beasts
  A phantom (D:6)
  A black bear (D:6)
  4 ogres
  A crocodile (D:7)
  3 bullfrogs
  Blork the orc (D:6)
  4 wights (D:6)
  A howler monkey (D:4)
  A quasit (D:7)
  2 crimson imps (D:6)
  4 orc priests
  A centaur zombie (D:6)
  2 jellies (D:7)
  2 orc wizards (D:4)
  5 worker ants
  A hound zombie (D:8)
  A hound skeleton (D:4)
  Robin (D:2)
  A howler monkey zombie (D:5)
  2 gnolls (D:3)
  18 adders
  4 river rats
  2 shadow imps (D:5)
  2 oozes
  2 adder skeletons
  A worm (D:6)
  A dart slug (D:1)
  3 leopard geckos
  14 orcs
  7 ball pythons
  8 bats
  7 giant cockroaches
  9 hobgoblins
  5 jackals
  3 quokkas
  9 frilled lizards
  18 goblins
  A jackal skeleton (D:6)
  8 kobolds
  A leopard gecko skeleton (D:5)
  A quokka skeleton (D:6)
  A quokka zombie (D:7)
  35 rats
204 creatures vanquished.

Notes
Turn   | Place    | Note
-------+----------+-------------------------------------------
     0 | D:1      | MrRokkomies the Gnoll Wanderer began the quest for the Orb.
     0 | D:1      | MrRokkomies set off with the following items: a +2 short
                  | sword, a +0 hand axe, a potion of lignification, a +0 robe,
                  | a +0 dagger, a ration
     0 | D:1      | Reached XP level 1. HP: 17/17 MP: 1/1
   119 | D:1      | Reached XP level 2. HP: 21/23 MP: 2/2
   351 | D:1      | Reached XP level 3. HP: 28/28 MP: 3/3
   629 | D:2      | Reached skill level 6 in Stealth
   662 | D:2      | Reached skill level 1 in Invocations
   734 | D:2      | Found an iron altar of Okawaru.
   734 | D:2      | Noticed Robin
   736 | D:2      | Reached skill level 1 in Long Blades
   736 | D:2      | Reached skill level 1 in Axes
   736 | D:2      | Reached skill level 1 in Polearms
   736 | D:2      | Reached skill level 1 in Staves
   736 | D:2      | Reached skill level 1 in Slings
   736 | D:2      | Reached skill level 1 in Bows
   736 | D:2      | Reached skill level 1 in Crossbows
   736 | D:2      | Reached skill level 1 in Dodging
   736 | D:2      | Reached skill level 1 in Shields
   736 | D:2      | Reached skill level 1 in Unarmed Combat
   736 | D:2      | Reached skill level 1 in Spellcasting
   736 | D:2      | Reached skill level 1 in Evocations
   745 | D:2      | Reached XP level 4. HP: 33/34 MP: 5/5
   778 | D:2      | Killed Robin
   794 | D:2      | Became a worshipper of Warmaster Okawaru
  1165 | D:2      | Reached skill level 1 in Conjurations
  1165 | D:2      | Reached skill level 1 in Hexes
  1165 | D:2      | Reached skill level 1 in Charms
  1165 | D:2      | Reached skill level 1 in Summonings
  1165 | D:2      | Reached skill level 1 in Necromancy
  1165 | D:2      | Reached skill level 1 in Translocations
  1165 | D:2      | Reached skill level 1 in Transmutations
  1165 | D:2      | Reached skill level 1 in Fire Magic
  1165 | D:2      | Reached skill level 1 in Ice Magic
  1165 | D:2      | Reached skill level 1 in Air Magic
  1165 | D:2      | Reached skill level 1 in Earth Magic
  1165 | D:2      | Reached skill level 1 in Poison Magic
  1570 | D:3      | Reached XP level 5. HP: 38/40 MP: 6/6
  1827 | D:3      | Found a stormy altar of Qazlal.
  2147 | D:4      | You fall into a shaft and drop 3 floors!
  2163 | D:7      | Noticed a crocodile
  2176 | D:7      | Killed a crocodile
  2176 | D:7      | Reached XP level 6. HP: 41/47 MP: 8/8
  2276 | D:7      | Noticed a spriggan baker
  2286 | D:7      | Killed a spriggan baker
  2286 | D:7      | Reached * piety under Okawaru
  2286 | D:7      | Reached skill level 5 in Short Blades
  2286 | D:7      | Reached skill level 5 in Armour
  2286 | D:7      | Reached XP level 7. HP: 44/52 MP: 8/10
  3166 | D:6      | Found an opulent altar of Gozag.
  3166 | D:6      | Found a sparkling altar of Nemelex Xobeh.
  3200 | D:6      | Reached ** piety under Okawaru
  3200 | D:6      | Reached XP level 8. HP: 17/60 MP: 12/12
  3488 | D:6      | Found a glowing drain.
  3503 | Sewer    | Entered a sewer
  4251 | D:6      | Reached skill level 7 in Stealth
  4474 | D:6      | Found Ateell's Weapon Emporium.
  4572 | D:6      | Noticed Blork the orc
  4587 | D:6      | Killed Blork the orc
  4679 | D:6      | Reached XP level 9. HP: 43/66 MP: 14/14
  4737 | D:6      | Found a staircase to the Ecumenical Temple.
  4805 | D:5      | Entered Level 5 of the Dungeon
  4812 | D:5      | Found an ancient bone altar of Kikubaaqudgha.
  5119 | D:5      | Reached *** piety under Okawaru
  5481 | D:5      | Found Ydeseuci's Gadget Boutique.
  6092 | D:4      | Reached skill level 5 in Fighting
  6092 | D:4      | Reached skill level 5 in Maces & Flails
  6092 | D:4      | Reached skill level 5 in Throwing
  7020 | D:8      | Noticed Erica
  7049 | D:8      | Killed Erica
  7049 | D:8      | Reached **** piety under Okawaru
  7049 | D:8      | Received a gift from Okawaru
  7049 | D:8      | Reached skill level 5 in Invocations
  7168 | D:8      | Noticed a two-headed ogre
  7185 | D:8      | Mangled by a two-headed ogre

Levels and vault maps discovered:
D:1:      zaba_arrival_water, layout_loops_ring, minmay_curled_crystal
D:2:      layout_loops_corners, okawaru_ov_weapons_minmay, uniq_robin
D:3:      layout_rooms, grunt_qazlal_sundering, corexii_hall_statues_t
D:4:      layout_basic, serial_rivers, chequers_serial_rivers_micro_c,
          chequers_serial_rivers_micro_d, chequers_serial_rivers_micro_d,
          chequers_serial_rivers_micro_b, chequers_serial_rivers_micro_d,
          chequers_serial_rivers_small_3, kennysheep_cross_bottleneck,
          serial_park_tiny_1, hangedman_abyss_or_decor_passed,
          minmay_misc_feat_square
D:5:      layout_cave_pods, basic_altar, serial_shops,
          nicolae_shop_behind_doors, first_ration
D:6:      layout_basic, grunt_temple_overflow_opulence,
          minmay_temple_entry_proselytizer, serial_shops, nicolae_shop_trees,
          cheibrodos_sewer_entry_sluice, uniq_blork_the_orc
D:7:      layout_basic, the_bakery, hangedman_decor_clover_reticule,
          kennysheep_generic_room_12
D:8:      layout_gridville, kennysheep_opposing_triangles, uniq_erica

Skill      XL: |  1  2  3  4  5  6  7  8  9 |
---------------+----------------------------+-----
Stealth        | 6 7 |  7.6
Invocations    | 1 2 3 4 5 |  5.0
Long Blades    | 1 2 3 4 |  4.5
Axes           | 1 2 3 4 |  4.5
Polearms       | 1 2 3 4 |  4.5
Staves         | 1 2 3 4 |  4.5
Slings         | 1 2 3 4 |  4.5
Bows           | 1 2 3 4 |  4.5
Crossbows      | 1 2 3 4 |  4.5
Dodging        | 1 2 3 4 |  4.5
Shields        | 1 2 3 4 |  4.5
Unarmed Combat | 1 2 3 4 |  4.5
Spellcasting   | 1 2 3 4 |  4.5
Evocations     | 1 2 3 4 |  4.5
Conjurations   | 1 2 3 |  3.8
Hexes          | 1 2 3 |  3.8
Charms         | 1 2 3 |  3.8
Summonings     | 1 2 3 |  3.8
Necromancy     | 1 2 3 |  3.8
Translocations | 1 2 3 |  3.8
Transmutations | 1 2 3 |  3.8
Fire Magic     | 1 2 3 |  3.8
Ice Magic      | 1 2 3 |  3.8
Air Magic      | 1 2 3 |  3.8
Earth Magic    | 1 2 3 |  3.8
Poison Magic   | 1 2 3 |  3.8
Fighting       | 3 4 5 |  5.3
Maces & Flails | 3 4 5 |  5.3
Throwing       | 3 4 5 |  5.3
Short Blades   | 5 6 |  6.5
Armour         | 5 6 |  6.5

Action                   |  1- 3 |  4- 6 |  7- 9 || total
-------------------------+-------+-------+-------++-------
Melee: Short sword       |    86 |   118 |       ||   204
       Bite              |    11 |    20 |    61 ||    92
       Whip              |       |    51 |   390 ||   441
       Punch             |       |       |     7 ||     7
       Mace              |       |       |     4 ||     4
       Great sword       |       |       |    32 ||    32
       Long sword        |       |       |     3 ||     3
 Fire: Shortbow          |       |       |    48 ||    48
Throw: Stone             |       |     4 |    22 ||    26
Evoke: Wand              |       |       |    22 ||    22
  Use: Scroll            |       |     1 |    15 ||    16
       Potion            |       |       |     4 ||     4
 Stab: Sleeping          |     7 |     5 |     4 ||    16
  Eat: Chunk             |       |     4 |    10 ||    14
       Ration            |       |       |     2 ||     2
Armor: Robe              |     2 |       |       ||     2
       Scale mail        |    25 |    86 |   275 ||   386
Dodge: Dodged            |    42 |    74 |   323 ||   439
       Rpst.: Great sword |       |       |     4 ||     4

Table legend:
 A = Non-vault XP
 B = Vault XP
 C = Vault XP percentage of total XP
 D = Non-vault monster count
 E = Vault monster count
 F = Vault count percentage of total count
                 A         B        C        D         E       F
            +---------+---------+-------+---------+---------+-------
      Total |    2589 |    1777 |  40.7 |     136 |      68 |  33.3
            +---------+---------+-------+---------+---------+-------
        D:1 |      43 |       0 |   0.0 |      29 |       0 |   0.0
        D:2 |      77 |      39 |  33.6 |      21 |      13 |  38.2
        D:3 |     105 |       0 |   0.0 |      16 |       0 |   0.0
        D:4 |     537 |       0 |   0.0 |      17 |       0 |   0.0
        D:5 |     356 |       0 |   0.0 |      17 |       0 |   0.0
        D:6 |    1044 |     155 |  12.9 |      19 |       4 |  17.4
        D:7 |     407 |     277 |  40.5 |      16 |       2 |  11.1
        D:8 |      20 |     939 |  97.9 |       1 |       1 |  50.0
      Sewer |       0 |     367 | 100.0 |       0 |      48 | 100.0
            +---------+---------+-------+---------+---------+-------
